 Dungeon Crawl Stone Soup version 0.30-a0-728-gc68057be0a (webtiles) character file.

Game seed: 13294785715836895419

301 drugrobin the Insei (level 5, -1/42 HPs)
             Began as a Demigod Delver on Jan 31, 2023.
             Slain by an iguana (7 damage)
             ... on level 4 of the Dungeon.
             The game lasted 00:09:37 (2135 turns).

drugrobin the Insei (Demigod Delver)                Turns: 2135, Time: 00:09:38

Health: -1/42      AC:  7    Str: 19    XL:     5   Next: 89%
Magic:  7/7        EV: 11    Int: 12    God:
Gold:   115        SH:  0    Dex: 19    Spells: 4/4 levels left

rFire   . . .      SeeInvis .      - Unarmed
rCold   . . .      Faith    .    (no shield)
rNeg    . . .      Spirit   .    g - +0 ring mail
rPois   .          Reflect  .    (no helmet)
rElec   .          Harm     .    (no cloak)
rCorr   .          Rampage  .    h - +0 pair of gloves
Will    .....                    p - +0 pair of boots
Stlth   ++                       (no amulet)
HPRegen 0.27/turn                c - +6 ring of strength
MPRegen 0.10/turn                (no ring)

@: hasted, very quick
A: high MP 1, forlorn, divine attributes
a: no special abilities


You were on level 4 of the Dungeon.
You visited 1 branch of the dungeon, and saw 5 of its levels.

You collected 115 gold pieces.

Inventory:

Hand Weapons
 b - a +0 sling
 l - a +0 battleaxe
Missiles
 o - 2 poisoned darts (quivered)
Armour
 a - a +0 leather armour
 f - a +0 plate armour
 g - a +0 ring mail (worn)
 h - a +0 pair of gloves (worn)
 p - a +0 pair of boots (worn)
Jewellery
 c - a +6 ring of strength (left hand)
Scrolls
 j - 2 scrolls of teleportation
 k - 2 scrolls of fog
 n - a scroll of identify {unknown}
 q - a scroll of poison {unknown}
Potions
 d - a potion of degeneration {unknown}
 i - 2 potions of heal wounds {unknown}
 m - a potion of lignification {unknown}


   Skills:
 - Level 2.6 Fighting
 - Level 1.7 Dodging
 - Level 4.5 Stealth
 + Level 6.0 Unarmed Combat


You had 4 spell levels left.
You didn't know any spells.
Your spell library was empty.

Dungeon Overview and Level Annotations

Branches:
Dungeon (7/15)
 Temple: D:4-7

Shops:
D:5 (

Annotations:
D:4 exclusion: scorpion
D:5 exclusions: adder and 3 doors, Pikel
D:6 exclusion: downstairs
D:7 Duvessa, Prince Ribbit


Innate Abilities, Weirdness & Mutations

You have an increased reservoir of magic. (+10% MP)
You shall have no god before yourself.
Your divine heritage dramatically boosts your attributes as you level up.


Message History

The lemure attacks as you move away! The lemure hits you but does no damage.
The lemure attacks as you move away! The lemure hits you!
The lemure attacks as you move away! The lemure hits you but does no damage.
The lemure attacks as you move away! The lemure closely misses you.
The lemure attacks as you move away! The lemure hits you but does no damage.
Okay, then.
Unknown command.
Okay, then.
Okay, then.
Unknown command.
Unknown command.
Unknown command.
Okay, then.
The lemure attacks as you move away! The lemure hits you!
The lemure attacks as you move away! The lemure hits you but does no damage.
The lemure attacks as you move away! The lemure hits you!
The lemure attacks as you move away! The lemure barely misses you.
The lemure attacks as you move away! The lemure hits you but does no damage.
The lemure attacks as you move away! The lemure hits you.
The lemure attacks as you move away! The lemure hits you.
The lemure attacks as you move away! The lemure barely misses you.
The lemure attacks as you move away! The lemure hits you.
* * * LOW HITPOINT WARNING * * *
The lemure attacks as you move away! The lemure hits you.
* * * LOW HITPOINT WARNING * * *
There is a stone staircase leading up, spattered with blood here.
Okay, then.
Unknown command.
The lemure barely misses you.
You climb upwards.
Level annotation: exclusion: scorpion The iguana bites you.
* * * LOW HITPOINT WARNING * * *
The iguana barely misses you.
There is a stone staircase leading down here.
Unknown command.
You feel yourself speed up. The lemure hits you.
* * * LOW HITPOINT WARNING * * *
The iguana bites you!
You die...

###..........####...
##.............# ####
##...........S.##
##..............#
#...............#
##...............#
##................# *****
#######................##
*,,,,
**#.............@?.......#
**,,,,
,,,,...#.......5.l$......#
*,,,,,
,,****#.................##
*,,,,, ***
##..>...........>..#
**,,,,,
#............[.....#
*,,,,,. *
#.................##
*,,,,.. **
##................#
**,,,... ,**
##..............##
#....... ,,**
##.............# #.......


You could see a lemure and an iguana.

Vanquished Creatures
  A phantom (D:7)
  2 hounds
  An iguana (D:7)
  2 orc wizards (D:6)
  7 adders
  A dart slug (D:4)
  7 orcs (D:6)
  A bat (D:3)
  A giant cockroach (D:4)
  2 hobgoblins
  A quokka (D:3)
26 creatures vanquished.

Notes
Turn   | Place    | Note
-------+----------+-------------------------------------------
     0 | D:5      | drugrobin the Demigod Delver began the quest for the Orb.
     0 | D:5      | Reached XP level 1. HP: 18/18 MP: 3/3
    30 | D:5      | Noticed an iguana
   270 | D:4      | Noticed a scorpion
   354 | D:3      | Reached skill level 2 in Unarmed Combat
   354 | D:3      | Reached XP level 2. HP: 20/25 MP: 4/4
   408 | D:3      | Reached skill level 3 in Unarmed Combat
   541 | D:3      | Reached XP level 3. HP: 30/30 MP: 5/5
  1018 | D:5      | Reached skill level 4 in Unarmed Combat
  1036 | D:5      | Found Bulumio's Weapon Shoppe.
  1047 | D:5      | Noticed a lemure
  1047 | D:5      | Noticed a lemure
  1065 | D:5      | Reached XP level 4. HP: 22/37 MP: 6/6
  1157 | D:5      | Noticed an ogre
  1176 | D:6      | Noticed an ice beast
  1399 | D:7      | Noticed Duvessa
  1506 | D:7      | Reached skill level 5 in Unarmed Combat
  1572 | D:7      | Noticed a phantom
  1622 | D:7      | Killed a phantom
  1623 | D:7      | Reached XP level 5. HP: 20/42 MP: 7/7
  1923 | D:6      | Reached skill level 6 in Unarmed Combat
  1956 | D:7      | Noticed Prince Ribbit
  2076 | D:5      | Noticed Pikel
  2135 | D:4      | Slain by an iguana

Illustrated notes

Levels and vault maps discovered:
D:3:      layout_loops_ring, xom_teletrap_fun, basic_ecumenical_altar,
          minmay_puff
D:4:      layout_cave_pods, mainiacjoe_overflow_brackets, slow_altar_1,
          columned_hall_lemuel
D:5:      layout_cave_pods, serial_shops,
          nicolae_shop_competitors_out_of_business,
          nicolae_shop_i_like_big_books, st_stairs_14, minivault_26,
          kennysheep_windowed_goal, uniq_pikel
D:6:      layout_rooms, chequers_decorated_corner, grunt_ministairs_1,
          feat_on_display, uniq_edmund
D:7:      layout_layer_cave, mainiacjoe_overflow_alcove_4, temple_green,
          uniq_prince_ribbit1, uniq_duvessa

Skill      XL: |  1  2  3  4  5 |
---------------+----------------+-----
Unarmed Combat | 2 3 4 5 6 |  6.0
Fighting       | |  2.6
Dodging        | |  1.7
Stealth        | |  4.5

Action                     |  1- 3 |  4- 6 || total
---------------------------+-------+-------++-------
  Melee: Unarmed           |    93 |    78 ||   171
         Punch             |     2 |     5 ||     7
   Fire: Sling             |     3 |     2 ||     5
  Throw: Dart              |       |     2 ||     2
  Evoke: Wand              |     3 |       ||     3
    Use: Scroll            |     3 |       ||     3
         Potion            |       |     1 ||     1
   Stab: Sleeping          |     2 |     1 ||     3
 Armour: Leather armour    |     7 |       ||     7
         Ring mail         |    20 |    33 ||    53
  Dodge: Dodged            |    64 |    54 ||   118

Table legend: (Time is in decaauts)
 A = Elapsed time spent in this place.
 B = Non-inter-level travel time spent in this place.
 C = Inter-level travel time spent in this place.
 D = Time resting spent in this place.
 E = Time spent auto-exploring this place.
 F = Levels seen in this place.
 G = Mean time per level.
                   A        B        C        D        E       F      G
               +--------+--------+--------+--------+--------+-----+--------+
         Total |   2123 |   2011 |    112 |    467 |    452 |   5 |  424.6 |
       Dungeon |   2123 |   2011 |    112 |    467 |    452 |   5 |  424.6 |
               +--------+--------+--------+--------+--------+-----+--------+

Top non-repeatable levels by time:
     D:5: 622 daAuts
     D:7: 556 daAuts
     D:4: 334 daAuts
     D:6: 313 daAuts
     D:3: 296 daAuts
